[Event "France Jeunes Belfort 2017"]
[Site "Belfort"]
[Date "2017.04.20"]
[Round "6.1"]
[White "Bergougnoux, Axel"]
[Black "Viel, Simon"]
[Result "0-1"]
[ECO "C00"]
[WhiteElo "2194"]
[BlackElo "2220"]
[PlyCount "72"]
[EventDate "2017.??.??"]
[TimeControl "6000+960"]
[WhiteClock "0:02:08"]
[BlackClock "0:14:19"]

1. e4 e6 2. d4 d5 3. Bd3 c5 4. exd5 exd5 5. Nf3 c4 6. Be2 Nf6 7. O-O Be7 8. Ne5
O-O 9. b3 cxb3 10. axb3 Nc6 11. Be3 Qc7 12. f4 Bf5 13. c4 Nb4 14. Na3 Ne4 15.
Nb5 Qd8 16. Bf3 a6 17. Na3 f6 18. Ng4 Re8 19. Bf2 Bd6 20. g3 h5 21. Ne3 Nxf2
22. Kxf2 Nd3+ 23. Kg2 Rxe3 24. Bxd5+ Kh8 25. Qxh5+ Bh7 26. Nc2 Qe8 27. Bf7 Qe4+
28. Kh3 Qf5+ 29. Qg4 Re2 30. Qxf5 Bxf5+ 31. g4 Nxf4+ 32. Rxf4 Bxc2 33. Raf1
Bxf4 34. Rxf4 g5 35. Rxf6 Kg7 36. Rf3 Be4 0-1

[Event "France Jeunes Belfort 2017"]
[Site "Belfort"]
[Date "2017.04.20"]
[Round "6.1"]
[White "Candelot, Clement"]
[Black "Papadiamandis, Elliot"]
[Result "1-0"]
[ECO "B52"]
[WhiteElo "1839"]
[BlackElo "1944"]
[PlyCount "73"]
[EventDate "2017.??.??"]
[TimeControl "6000+1025"]
[WhiteClock "0:06:22"]
[BlackClock "0:01:30"]

1. e4 c5 2. Nf3 d6 3. Bb5+ Bd7 4. Bxd7+ Qxd7 5. c4 Nc6 6. Nc3 Nf6 7. d4 cxd4 8.
Nxd4 g6 9. O-O Bg7 10. Re1 O-O 11. f3 Rac8 12. Nde2 Na5 13. b3 a6 14. a4 b6 15.
Be3 Qb7 16. Rb1 Nc6 17. Qd2 Rfd8 18. Nf4 e6 19. Red1 Nd7 20. Nh3 Nc5 21. Kh1
Ne7 22. Bg5 Rc7 23. Nf2 h5 24. Bf4 Rcd7 25. b4 Bxc3 26. Qxc3 Nxa4 27. Qf6 Kh7
28. Qxf7+ Kh8 29. Rxd6 Nc6 30. Rxd7 Qxd7 31. Qxg6 Nc3 32. Qxh5+ Kg8 33. Re1 Qd4
34. Ng4 Rd7 35. Qg6+ Rg7 36. Nf6+ Kh8 37. Qh6+ {Qd8} 1-0

[Event "France Jeunes Belfort 2017"]
[Site "Belfort"]
[Date "2017.04.20"]
[Round "6.1"]
[White "Fretel, Liza"]
[Black "Retailleau, Elise"]
[Result "0-1"]
[ECO "B26"]
[WhiteElo "1801"]
[BlackElo "1946"]
[PlyCount "84"]
[EventDate "2017.??.??"]
[TimeControl "6000+1050"]
[WhiteClock "0:08:28"]
[BlackClock "0:04:06"]

1. e4 c5 2. Nc3 Nc6 3. g3 g6 4. Bg2 Bg7 5. d3 d6 6. Be3 e5 7. Qd2 Nge7 8. Bh6
Bxh6 9. Qxh6 Nd4 10. Qd2 Be6 11. Nd1 b5 12. c3 Ndc6 13. Nh3 f6 14. Qh6 Qd7 15.
Ne3 Ng8 16. Qh4 h5 17. f4 Nce7 18. f5 gxf5 19. exf5 Bxf5 20. g4 Ng6 21. Qf2
Bxg4 22. Bxa8 Bxh3 23. Qf3 Bg4 24. Nxg4 hxg4 25. Qf2 Nf4 26. O-O-O d5 27. Qxc5
Ne7 28. Qa3 Kf7 29. Bxd5+ Qxd5 30. Qb3 Rh3 31. Kc2 Qxb3+ 32. axb3 Ned5 33. Rd2
g3 34. c4 Ne3+ 35. Kc3 g2 36. Ra1 Rxh2 37. Rxa7+ Kg6 38. Ra8 Kf5 39. Rg8 Ng4
40. Rxg2 Rxg2 41. cxb5 Nd5+ 42. Kc4 Nge3+ 0-1

[Event "France Jeunes Belfort 2017"]
[Site "Belfort"]
[Date "2017.04.20"]
[Round "6.1"]
[White "Nguyen, Thao Nhi"]
[Black "Sumarriva Paulin, Laura"]
[Result "0-1"]
[ECO "C01"]
[WhiteElo "1691"]
[BlackElo "1521"]
[PlyCount "84"]
[EventDate "2017.??.??"]
[TimeControl "6000+860"]
[WhiteClock "0:17:46"]
[BlackClock "0:11:28"]

1. e4 e6 2. d4 d5 3. exd5 exd5 4. Nf3 Nf6 5. Bg5 Be7 6. Bd3 Bg4 7. O-O O-O 8.
Nbd2 c6 9. c3 Nbd7 10. Qc2 h6 11. Bh4 Rc8 12. Ne5 c5 13. Nxg4 Nxg4 14. Bxe7
Qxe7 15. dxc5 Rxc5 16. Bf5 Ngf6 17. Nb3 Rc7 18. Rfe1 Qd8 19. Nd4 a6 20. Rad1
Re8 21. Qd2 Ne5 22. b3 Nc6 23. Ne2 b5 24. Nf4 Rxe1+ 25. Rxe1 d4 26. Rd1 g6 27.
Bb1 Rd7 28. c4 bxc4 29. bxc4 Ne5 30. Qe2 Qc7 31. Rc1 Re7 32. Qc2 Nf3+ 33. gxf3
Qxf4 34. Qd1 Re5 35. h3 Rh5 36. Qf1 Qxf3 37. Kh2 Rxh3+ 38. Qxh3 Ng4+ 39. Qxg4
Qxg4 40. Re1 Qh4+ 41. Kg2 Qg5+ 42. Kf1 h5 0-1

[Event "France Jeunes Belfort 2017"]
[Site "Belfort"]
[Date "2017.04.20"]
[Round "6.1"]
[White "Philippe, Guillaume"]
[Black "Midy, Robin"]
[Result "1-0"]
[ECO "A04"]
[WhiteElo "2307"]
[BlackElo "2137"]
[PlyCount "81"]
[EventDate "2017.??.??"]
[TimeControl "6000+740"]
[WhiteClock "0:07:58"]
[BlackClock "0:00:32"]

1. Nf3 c5 2. e3 g6 3. d4 Bg7 4. dxc5 Qa5+ 5. c3 Qxc5 6. b4 Qc7 7. Bb2 d6 8.
Nbd2 Nc6 9. Rc1 Nf6 10. Be2 O-O 11. a3 a5 12. O-O Bf5 13. b5 Nb8 14. Nd4 Bc8
15. c4 Nbd7 16. N4b3 Nc5 17. Bc3 Nfd7 18. Nd4 e5 19. N4b3 Nxb3 20. Nxb3 Nc5 21.
Nxc5 dxc5 22. Bf3 Be6 23. Qa4 f5 24. b6 Qf7 25. Bd5 Rfd8 26. Bxe6 Qxe6 27. Qb5
Qe8 28. Qxc5 Bf8 29. Qxe5 Qxe5 30. Bxe5 Bxa3 31. Ra1 Bc5 32. Rfb1 Ra6 33. Bc7
Rd2 34. Rb5 Bf8 35. Rd5 Rc2 36. Rd8 Kf7 37. Rb8 a4 38. Rxb7 a3 39. Ra7 Bg7 40.
Rf1 Rxb6 41. Bxb6+ 1-0

[Event "France Jeunes Belfort 2017"]
[Site "Belfort"]
[Date "2017.04.20"]
[Round "6.1"]
[White "Rollot, Florence"]
[Black "Conti, Anne-Marie"]
[Result "0-1"]
[ECO "D00"]
[WhiteElo "1973"]
[BlackElo "1712"]
[PlyCount "116"]
[EventDate "2017.??.??"]
[TimeControl "6000+1770"]
[WhiteClock "0:01:27"]
[BlackClock "0:07:02"]

1. d4 d5 2. g3 e6 3. Bg2 Nf6 4. Bf4 Nbd7 5. Nf3 c5 6. c3 cxd4 7. cxd4 Bb4+ 8.
Nbd2 O-O 9. O-O Nh5 10. Be3 Bd6 11. Nb3 f5 12. Nc5 Qe7 13. Nxe6 Qxe6 14. Ng5
Qg6 15. Bxd5+ Kh8 16. Qb3 h6 17. Nf7+ Kh7 18. Bd2 a5 19. e4 fxe4 20. Rae1 a4
21. Qb5 Ndf6 22. Nxd6 Nxd5 23. Nxc8 Nc7 24. Qxb7 Rfxc8 25. Qxe4 Qxe4 26. Rxe4
Nf6 27. Re5 Ncd5 28. Rd1 Rc2 29. Bc1 Rac8 30. Ree1 Nb4 31. a3 Na2 32. Bf4 Rxb2
33. h3 Rcc2 34. Rf1 Ne4 35. Be3 Nxg3 36. Rfe1 Ne4 37. Bc1 Nxf2 38. Bxb2 Nxh3+
39. Kh1 Nf2+ 40. Kg1 Nxd1 41. Rxd1 Rxb2 42. d5 Rb7 43. Kf2 Rd7 44. Rd3 Nc1 45.
Rd4 Nb3 46. Rd1 Kg6 47. Ke3 Kf5 48. Rg1 Na5 49. Kd4 Nb3+ 50. Kc4 Nd2+ 51. Kc5
Ne4+ 52. Kb4 g6 53. Kxa4 Rxd5 54. Kb4 h5 55. a4 Rd4+ 56. Ka5 Nc5 57. Rf1+ Rf4
58. Rh1 Ke5 0-1

[Event "France Jeunes Belfort 2017"]
[Site "Belfort"]
[Date "2017.04.19"]
[Round "6.1"]
[White "Vernet, Solene"]
[Black "Parlas, Helin"]
[Result "1-0"]
[ECO "D71"]
[WhiteElo "1863"]
[BlackElo "1606"]
[PlyCount "55"]
[EventDate "2017.??.??"]
[TimeControl "6000+1930"]
[WhiteClock "0:54:05"]
[BlackClock "0:16:28"]

1. d4 Nf6 2. c4 g6 3. g3 Bg7 4. Bg2 O-O 5. Nf3 d6 6. O-O Nbd7 7. Qc2 e5 8. e3
Re8 9. Nc3 c6 10. dxe5 dxe5 11. Rd1 Qc7 12. a4 a5 13. b3 Nc5 14. Ba3 Bf5 15.
Qb2 Nd3 16. Qe2 e4 17. Nd4 Ng4 18. Rf1 h5 19. Rad1 Bxd4 20. exd4 e3 21. f3 Ngf2
22. Ne4 Kg7 23. Rxd3 Nxd3 24. Qxd3 Rad8 25. Bb2 g5 26. Qxe3 f6 27. d5 cxd5 28.
Qxg5+ 1-0

[Event "France Jeunes Belfort 2017"]
[Site "Belfort"]
[Date "2017.04.20"]
[Round "6.1"]
[White "Viennot, Dylan"]
[Black "Tahay, Alexis"]
[Result "0-1"]
[ECO "B24"]
[WhiteElo "2263"]
[BlackElo "2239"]
[PlyCount "102"]
[EventDate "2017.??.??"]
[TimeControl "6000+1235"]
[WhiteClock "0:01:13"]
[BlackClock "0:06:00"]

1. e4 c5 2. Nc3 Nc6 3. Nf3 d6 4. Bb5 Bd7 5. Bxc6 Bxc6 6. d4 cxd4 7. Qxd4 e5 8.
Qd3 h6 9. Be3 Nf6 10. h3 Be7 11. O-O-O O-O 12. Nh2 Qc8 13. f4 exf4 14. Bxf4 b5
15. Nf3 Re8 16. Nd5 Bxd5 17. exd5 Bf8 18. Rhf1 Qc5 19. Nd4 Qxd5 20. Qb3 a6 21.
Qxd5 Nxd5 22. Nf5 Nxf4 23. Rxf4 Re2 24. Rg4 g6 25. a4 h5 26. Rg3 Rf2 27. Nxd6
Rd8 28. Rgd3 Rxg2 29. axb5 Rxd6 30. Rxd6 Bxd6 31. Rxd6 axb5 32. Rd5 f5 33. Rxb5
f4 34. Rb3 g5 35. Kd1 g4 36. hxg4 hxg4 37. Ke1 Kh7 38. c4 Rc2 39. Rb5 Kg6 40.
c5 g3 41. Rb8 Kf5 42. Kf1 Rxc5 43. b4 Rc1+ 44. Kg2 Rc2+ 45. Kf1 Ke4 46. Ra8 Rb2
47. Ra4 Kf3 48. Ra3+ Kg4 49. Ra1 f3 50. b5 Rxb5 51. Kg1 Kh3 0-1

[Event "France Jeunes Belfort 2017"]
[Site "Belfort"]
[Date "2017.04.20"]
[Round "6.1"]
[White "Zachary, Matheo"]
[Black "Degraeve, Remy"]
[Result "1/2-1/2"]
[ECO "B07"]
[WhiteElo "2267"]
[BlackElo "2126"]
[PlyCount "132"]
[EventDate "2017.??.??"]
[TimeControl "6000+1070"]
[WhiteClock "0:02:41"]
[BlackClock "0:03:04"]

1. e4 d6 2. d4 Nf6 3. Nc3 g6 4. Bg5 Bg7 5. e5 Nfd7 6. exd6 cxd6 7. Nf3 h6 8.
Be3 Nc6 9. h4 a6 10. a4 Nf6 11. d5 Ne5 12. Nxe5 dxe5 13. Be2 b6 14. O-O Bb7 15.
Bf3 O-O 16. Qd2 Kh7 17. Rfd1 Ne8 18. Ra3 Nd6 19. Be2 Nf5 20. Bf1 Rc8 21. Ne2
Nxe3 22. Rxe3 Rc5 23. Nc3 f5 24. d6 e6 25. d7 e4 26. Qd6 Rc6 27. Qd2 Be5 28. g3
Rd6 29. Qc1 Qxd7 30. Ree1 Bxc3 31. bxc3 Rd8 32. Rxd6 Qxd6 33. Qe3 Qc6 34. Rb1
Rd6 35. a5 b5 36. c4 bxc4 37. Rb6 Qc7 38. Bxc4 Rxb6 39. Qxb6 Qxb6 40. axb6 Kg7
41. Bxe6 Kf6 42. Bb3 Ke5 43. Kf1 Kd4 44. Ke2 a5 45. Kd2 Kc5 46. Bf7 g5 47. hxg5
hxg5 48. Be6 f4 49. gxf4 gxf4 50. Kc3 Kxb6 51. Kc4 a4 52. Kb4 Bc6 53. Bc4 Kc7
54. Kc5 Be8 55. c3 Kd7 56. Kd4 Ke7 57. Kxe4 Bf7 58. Bxf7 Kxf7 59. Kd3 Ke6 60.
Kc4 f3 61. Kb4 Kd5 62. c4+ Kd4 63. c5 Kd5 64. Kxa4 Kxc5 65. Kb3 Kd4 66. Kc2 Ke5
1/2-1/2

[Event "France Jeunes Belfort 2017"]
[Site "Belfort"]
[Date "2017.04.20"]
[Round "6.2"]
[White "Afraoui, Anaelle"]
[Black "Chachiachvili, Mariam"]
[Result "1-0"]
[ECO "C44"]
[WhiteElo "1977"]
[BlackElo "1694"]
[PlyCount "116"]
[EventDate "2017.??.??"]
[TimeControl "6000+1340"]
[WhiteClock "0:05:43"]
[BlackClock "0:04:54"]

1. e4 e5 2. Nf3 Nc6 3. d4 exd4 4. Nxd4 Nf6 5. Nc3 Bb4 6. Nxc6 bxc6 7. Bd3 Qe7
8. O-O O-O 9. h3 Re8 10. Bd2 Bb7 11. Re1 Qc5 12. a3 Bxc3 13. Bxc3 Qe7 14. Qf3
c5 15. Qf5 c4 16. e5 cxd3 17. exf6 Qd6 18. cxd3 g6 19. Qg4 Bc6 20. Qh4 Qd5 21.
f3 Qc5+ 22. Kh1 h5 23. Qf4 Qd6 24. Qg5 Kh7 25. Bd2 Qf8 26. Re7 Rab8 27. Rae1 d6
28. Qf4 Rxe7 29. fxe7 Qg7 30. Bc3 Qg8 31. Qf6 g5 32. Bd2 Rb5 33. e8=Q Bxe8 34.
Re7 Qg6 35. Qxg6+ Kxg6 36. Rxe8 Rxb2 37. Bc1 Rc2 38. Re1 Rc3 39. d4 Rd3 40. Bb2
Rd2 41. Bc3 Rd3 42. Rc1 Kf5 43. Kg1 Re3 44. Kf2 Re8 45. Bb4 Re7 46. Ba5 Ke6 47.
Rxc7 Rxc7 48. Bxc7 Kd5 49. Ke3 f5 50. Bd8 g4 51. hxg4 hxg4 52. fxg4 fxg4 53.
Kd3 Kc6 54. Ke4 Kb5 55. Be7 Kc6 56. Kf4 Kd5 57. Kxg4 Kxd4 58. Bxd6 Kd5 1-0

[Event "France Jeunes Belfort 2017"]
[Site "Belfort"]
[Date "2017.04.20"]
[Round "6.2"]
[White "Diez, Agathe"]
[Black "Bellahcene, Sofia"]
[Result "0-1"]
[ECO "B34"]
[WhiteElo "1404"]
[BlackElo "1699"]
[PlyCount "113"]
[EventDate "2017.??.??"]
[TimeControl "6000+565"]
[WhiteClock "0:23:09"]
[BlackClock "0:38:35"]

1. e4 c5 2. Nf3 Nc6 3. d4 cxd4 4. Nxd4 g6 5. Nc3 Bg7 6. Nb3 Nf6 7. Be2 O-O 8.
O-O d6 9. Re1 Be6 10. Bf1 Nd7 11. Bg5 Bxc3 12. bxc3 f6 13. Bd2 Nde5 14. Nd4 Bf7
15. a3 Qd7 16. Rb1 Nc4 17. Bxc4 Bxc4 18. Qf3 Ne5 19. Qg3 Ba6 20. Nb3 Rac8 21.
Ra1 b6 22. Bf4 Qc6 23. Bxe5 dxe5 24. Re3 Qa4 25. f3 Bc4 26. Qf2 Bxb3 27. cxb3
Qxb3 28. Qa2 Qxa2 29. Rxa2 Rc4 30. a4 Rfc8 31. Ra3 R8c5 32. Rd3 Ra5 33. Rd8+
Kg7 34. Rd7 Kf7 35. Rd8 Rcxa4 36. Rxa4 Rxa4 37. Ra8 b5 38. Rb8 a6 39. Ra8 Ra2
40. h3 h5 41. h4 a5 42. Rb8 Rb2 43. Kh2 Rb3 44. Rb6 a4 45. Rb7 a3 46. Rb6 a2
47. Ra6 Rxc3 48. Rxa2 Rc6 49. Rb2 Rb6 50. Rb4 Ke6 51. Kh3 Kd6 52. g4 Kc5 53.
Rb1 b4 54. Kg3 Kd4 55. Kh3 b3 56. Kg3 b2 57. Kg2 0-1

[Event "France Jeunes Belfort 2017"]
[Site "Belfort"]
[Date "2017.04.20"]
[Round "6.2"]
[White "Djidjeli, Sarah"]
[Black "Thomas, Amaryllis"]
[Result "1-0"]
[ECO "C47"]
[WhiteElo "1934"]
[BlackElo "1695"]
[PlyCount "77"]
[EventDate "2017.??.??"]
[TimeControl "6000+1000"]
[WhiteClock "0:35:40"]
[BlackClock "0:26:58"]

1. e4 e5 2. Nf3 Nc6 3. Nc3 Nf6 4. d4 exd4 5. Nxd4 Bb4 6. Nxc6 bxc6 7. Bd3 d5 8.
exd5 cxd5 9. O-O O-O 10. Bg5 c6 11. Qf3 Be7 12. Rae1 Be6 13. Na4 Qa5 14. b3 c5
15. Bf5 Ne4 16. Bxe7 Nd2 17. Bxh7+ Kxh7 18. Qh5+ Kg8 19. Bxf8 Rxf8 20. Re3 Nxf1
21. Kxf1 Re8 22. Qe2 d4 23. Re5 Rc8 24. Rxe6 fxe6 25. Qxe6+ Kh7 26. Qf5+ g6 27.
Qxc8 Qd2 28. Qh3+ Kg7 29. Qd3 Qc1+ 30. Ke2 Qg5 31. Qg3 Qe7+ 32. Kd2 c4 33. Qf4
Qd8 34. Qe5+ Kh6 35. bxc4 Qh4 36. Qh8+ Kg5 37. Qxh4+ Kxh4 38. c5 g5 39. c6 1-0

[Event "France Jeunes Belfort 2017"]
[Site "Belfort"]
[Date "2017.04.20"]
[Round "6.2"]
[White "Donias, Orlane"]
[Black "Lomandong, Noela-Joyce"]
[Result "0-1"]
[ECO "A97"]
[WhiteElo "1729"]
[BlackElo "1987"]
[PlyCount "56"]
[EventDate "2017.??.??"]
[TimeControl "6000+625"]
[WhiteClock "0:09:51"]
[BlackClock "0:42:23"]

1. d4 f5 2. Nf3 Nf6 3. c4 e6 4. g3 Be7 5. Bg2 O-O 6. O-O d6 7. Nc3 Qe8 8. Re1
Qh5 9. e4 fxe4 10. Nxe4 Nxe4 11. Rxe4 Nc6 12. Re1 Qf5 13. Be3 Bd7 14. Nd2 Qf6
15. Ne4 Qg6 16. Bf4 Rad8 17. Rc1 e5 18. dxe5 dxe5 19. Be3 Bh3 20. Nd2 Bxg2 21.
Kxg2 Nb4 22. Rf1 Nd3 23. Rb1 Nf4+ 24. Bxf4 exf4 25. f3 fxg3 26. hxg3 Bd6 27. g4
Bf4 28. Qb3 Rxd2+ 0-1

[Event "France Jeunes Belfort 2017"]
[Site "Belfort"]
[Date "2017.04.20"]
[Round "6.2"]
[White "Harutyunyan, Ruben"]
[Black "Cohen Revivo, Shoham"]
[Result "*"]
[ECO "A06"]
[WhiteElo "2218"]
[BlackElo "2221"]
[PlyCount "152"]
[EventDate "2017.??.??"]
[TimeControl "6000+1445"]
[WhiteClock "0:01:13"]
[BlackClock "0:01:49"]

1. Nf3 d5 2. d4 Bf5 3. e3 Nf6 4. c4 e6 5. Nc3 Nc6 6. a3 Be7 7. Be2 h6 8. O-O
O-O 9. b3 Nb8 10. Bb2 Nbd7 11. Re1 c6 12. Bd3 Ne4 13. Qc2 Ndf6 14. Nd2 Bd6 15.
g3 Nxd2 16. Qxd2 Ne4 17. Nxe4 dxe4 18. Bf1 Qg5 19. Bg2 h5 20. Qc2 Qg6 21. h4 a5
22. Bc3 Qh7 23. Kf1 f6 24. Ke2 Qg6 25. Kd2 b5 26. c5 Bc7 27. Kc1 Rfd8 28. Kb2
Rd5 29. Bh1 e5 30. Red1 exd4 31. Rxd4 Rxc5 32. Bxe4 Re8 33. Bxf5 Qxf5 34. Qxf5
Rxf5 35. Rd2 c5 36. Kc2 Be5 37. Rad1 b4 38. Bxe5 Rexe5 39. a4 Rf3 40. Re2 Ref5
41. Rdd2 g5 42. Kd3 gxh4 43. gxh4 Rh3 44. Rc2 Rxh4 45. f4 Rg4 46. Rg2 Rxg2 47.
Rxg2+ Kf7 48. Ke4 Ke6 49. Rg8 Rd5 50. Re8+ Kd7 51. Rh8 Rd2 52. Rxh5 Kc6 53. Rh6
Rd6 54. Kf3 c4 55. bxc4 Kc5 56. Rh5+ Kxc4 57. Rxa5 Rb6 58. Ra8 b3 59. a5 b2 60.
Rc8+ Kb5 61. axb6 b1=Q 62. Rf8 Qd1+ 63. Kf2 Qc2+ 64. Kf3 Qc6+ 65. Kg4 Qe6+ 66.
Kh5 Kxb6 67. Kg6 Qxe3 68. Rxf6+ Kc7 69. f5 Qg3+ 70. Kf7 Kd7 71. Re6 Qg5 72. Rf6
Qg4 73. Kf8 Qb4+ 74. Kg8 Qc4+ 75. Kg7 Qd4 76. Kf7 Qe5 *

[Event "France Jeunes Belfort 2017"]
[Site "Belfort"]
[Date "2017.04.19"]
[Round "6.2"]
[White "Haussernot, Cécile"]
[Black "Saliou, Sarah"]
[Result "1-0"]
[ECO "B30"]
[WhiteElo "2107"]
[BlackElo "1684"]
[PlyCount "95"]
[EventDate "2017.??.??"]
[TimeControl "6000+895"]
[WhiteClock "0:13:39"]
[BlackClock "0:01:55"]

1. e4 c5 2. Nf3 Nc6 3. d3 g6 4. g3 Bg7 5. Bg2 d6 6. O-O Rb8 7. c3 Nf6 8. d4
Nxe4 9. d5 Na5 10. Qa4+ b5 11. Qxe4 Bf5 12. Qh4 b4 13. c4 h6 14. Re1 g5 15.
Bxg5 hxg5 16. Qxg5 Bxb2 17. Qxf5 Bxa1 18. Ng5 Rf8 19. Bh3 Nxc4 20. Qd3 Ne5 21.
Qe2 c4 22. Qh5 c3 23. Ne6 Nf3+ 24. Kh1 Qb6 25. Ng7+ Kd8 26. Qxf3 c2 27. Qf5 Qb5
28. Ne6+ fxe6 29. Qxf8+ Qe8 30. Qxe8+ Kxe8 31. Rc1 b3 32. axb3 Rxb3 33. Nd2 Rc3
34. Ne4 Rc4 35. Bf1 Rxe4 36. Bd3 Re5 37. Rxa1 Rxd5 38. Bxc2 a5 39. Bb3 Re5 40.
Kg2 Kd7 41. h4 Rc5 42. g4 d5 43. g5 e5 44. h5 Ke6 45. h6 Kf5 46. h7 Rc8 47.
Bxd5 Rh8 48. Bg8 1-0

[Event "France Jeunes Belfort 2017"]
[Site "Belfort"]
[Date "2017.04.20"]
[Round "6.2"]
[White "Meunier, Clement"]
[Black "Flick, Antoine"]
[Result "1/2-1/2"]
[ECO "B25"]
[WhiteElo "2240"]
[BlackElo "2327"]
[PlyCount "118"]
[EventDate "2017.??.??"]
[TimeControl "6000+1365"]
[WhiteClock "0:02:56"]
[BlackClock "0:02:09"]

1. e4 c5 2. Nc3 Nc6 3. g3 g6 4. Bg2 Bg7 5. d3 d6 6. f4 e6 7. Nf3 Nge7 8. O-O
O-O 9. Be3 b6 10. Bf2 Ba6 11. Qd2 Rc8 12. Rae1 Qd7 13. e5 Qc7 14. g4 dxe5 15.
fxe5 Nxe5 16. Bg3 Nxf3+ 17. Rxf3 Qd7 18. Ne4 f6 19. g5 f5 20. Nf6+ Bxf6 21.
gxf6 Nd5 22. Be5 Nxf6 23. Qg5 Qd8 24. Rg3 Ng4 25. Rxg4 fxg4 26. Qxg4 Qd7 27.
Bc3 Rce8 28. h4 Rf5 29. Be4 Re7 30. Bxf5 exf5 31. Qg3 Rxe1+ 32. Qxe1 f4 33. Kf2
Bb5 34. Qe5 h5 35. Qh8+ Kf7 36. Qf6+ Ke8 37. Qxg6+ Qf7 38. Qd6 Bd7 39. Be5 Qe6
40. Qb8+ Ke7 41. Bxf4 Qf5 42. Ke1 Qe6+ 43. Kd2 Qf5 44. Be3 Qg4 45. Bg5+ Kf7 46.
Qh8 Qb4+ 47. Qc3 Qxc3+ 48. Kxc3 Ke6 49. Bf4 Kd5 50. b4 Ba4 51. a3 Be8 52. Bc7
Kc6 53. Bd8 Kd7 54. Bg5 Kc6 55. Be3 Bf7 56. a4 a6 57. a5 cxb4+ 58. Kxb4 b5 59.
c3 Kd5 1/2-1/2

[Event "France Jeunes Belfort 2017"]
[Site "Belfort"]
[Date "2017.04.20"]
[Round "6.2"]
[White "Micottis, Dorian"]
[Black "Kambrath, Yannick"]
[Result "0-1"]
[ECO "B51"]
[WhiteElo "2249"]
[BlackElo "2341"]
[PlyCount "132"]
[EventDate "2017.??.??"]
[TimeControl "6000+1295"]
[WhiteClock "0:09:13"]
[BlackClock "0:01:24"]

1. e4 c5 2. Nf3 d6 3. Bb5+ Nd7 4. d4 cxd4 5. Qxd4 a6 6. Be2 Ngf6 7. O-O g6 8.
Nc3 Bg7 9. Rd1 O-O 10. e5 Nh5 11. Qh4 dxe5 12. Bg5 f6 13. Be3 e6 14. Rd6 Qc7
15. Rad1 Re8 16. Qa4 Re7 17. Bb5 Nc5 18. Qa3 b6 19. Bxc5 bxc5 20. Rc6 Qa7 21.
Rd8+ Bf8 22. Bxa6 Bxa6 23. Rxa8 Qxa8 24. Qxa6 Qxa6 25. Rxa6 Kf7 26. g3 Rd7 27.
Rc6 Ng7 28. Ne4 Rd5 29. a4 Nf5 30. c3 Rd1+ 31. Kg2 Rb1 32. a5 Rxb2 33. a6 Ne3+
34. Kh3 Nc4 35. a7 Ra2 36. Rc7+ Be7 37. Nxc5 Nd6 38. Nb7 Nb5 39. Nd8+ Ke8 40.
Nxe6 Nxa7 41. Rb7 Nc8 42. Nc7+ Kd7 43. Nd5+ Kc6 44. Rxe7 Kxd5 45. Rxh7 Rxf2 46.
Nh4 g5 47. Ng6 f5 48. Rc7 Nd6 49. Ne7+ Ke6 50. g4 f4 51. Ng8 Ne4 52. Rc6+ Kd7
53. Rc4 Nd2 54. Nf6+ Ke6 55. Ne4 Nxe4 56. Rxe4 Kd5 57. Re1 e4 58. c4+ Ke5 59.
Rc1 e3 60. c5 e2 61. c6 Rf1 62. Rc5+ Kd6 63. c7 e1=Q 64. Rc6+ Kd5 65. Rc5+ Kd4
66. Rc4+ Kd3 0-1

[Event "France Jeunes Belfort 2017"]
[Site "Belfort"]
[Date "2017.04.20"]
[Round "6.2"]
[White "Popov, Konstantin"]
[Black "Razafindratsima, Timothe"]
[Result "1/2-1/2"]
[ECO "B91"]
[WhiteElo "2026"]
[BlackElo "1830"]
[PlyCount "138"]
[EventDate "2017.??.??"]
[TimeControl "6000+630"]
[WhiteClock "0:08:25"]
[BlackClock "0:05:47"]

1. e4 c5 2. Nf3 d6 3. d4 cxd4 4. Nxd4 Nf6 5. Nc3 a6 6. g3 e5 7. Nde2 Be6 8. Bg2
Be7 9. a4 Nbd7 10. O-O O-O 11. h3 Rc8 12. Be3 Nb6 13. b3 Qc7 14. a5 Nbd7 15.
Qd2 Rfd8 16. g4 h6 17. Rfc1 Qc6 18. Nd5 Bxd5 19. exd5 Qc7 20. c4 Re8 21. Ng3
Nh7 22. Nf5 Bg5 23. Bxg5 Nxg5 24. h4 Nh7 25. c5 dxc5 26. d6 Qd8 27. Ne7+ Rxe7
28. dxe7 Qxe7 29. Bxb7 Rc7 30. Bxa6 Qxh4 31. Bf1 Qxg4+ 32. Bg2 Ng5 33. Rc3 Ne6
34. Rg3 Qd4 35. Qe1 Nf4 36. Bf1 Ra7 37. a6 h5 38. Rd1 Qb2 39. Rd2 Qa3 40. Rxd7
Rxd7 41. Qxe5 Ne6 42. Qxh5 Qa1 43. Qe2 Kf8 44. Rg4 Nd4 45. Qc4 Nf3+ 46. Kg2
Ne1+ 47. Kg3 Qe5+ 48. Qf4 Qc3+ 49. Qe3 Qxe3+ 50. fxe3 Nc2 51. Bb5 Ra7 52. Re4
g6 53. Re8+ Kg7 54. Rb8 Nxe3 55. Rb7 Ra8 56. Bd3 Kf6 57. a7 Nf5+ 58. Kf2 Nd6
59. Rc7 Ke5 60. Ke3 Nf5+ 61. Kd2 Kd6 62. Rxf7 Ne7 63. Rf6+ Kc7 64. Ra6 Nc8 65.
Be4 Rxa7 66. Rc6+ Kd7 67. Rxc5 Ne7 68. b4 Kd6 69. Kc3 Rc7 1/2-1/2

[Event "France Jeunes Belfort 2017"]
[Site "Belfort"]
[Date "2017.04.20"]
[Round "6.2"]
[White "Travadon, Loic"]
[Black "Bournel, Antoine"]
[Result "1-0"]
[ECO "B27"]
[WhiteElo "2348"]
[BlackElo "1933"]
[PlyCount "104"]
[EventDate "2017.??.??"]
[TimeControl "6000+1105"]
[WhiteClock "0:21:32"]
[BlackClock "0:03:19"]

1. e4 c5 2. Nf3 g6 3. c3 Bg7 4. d4 cxd4 5. cxd4 d5 6. e5 Bg4 7. Nbd2 Nc6 8. Bb5
e6 9. Bxc6+ bxc6 10. O-O Ne7 11. Nb3 Nf5 12. h3 Bxf3 13. Qxf3 c5 14. Nxc5 Nxd4
15. Qd1 Nc6 16. Qa4 Qc7 17. Be3 O-O 18. f4 Rfd8 19. Rac1 Rac8 20. Rfd1 Qa5 21.
Qb3 Rb8 22. Nb7 Qa6 23. Rxc6 Qxc6 24. Nxd8 Qc7 25. Nxe6 fxe6 26. Qa4 Qb7 27. b3
a6 28. Rc1 Rc8 29. Kh2 g5 30. Qa5 gxf4 31. Qb6 Rxc1 32. Qxb7 fxe3 33. Qa8+ Kf7
34. Qa7+ Ke8 35. Qxe3 Rf1 36. g4 Rf7 37. Kg2 Rd7 38. Qd4 Kf7 39. Kf3 Rc7 40.
Qf4+ Kg6 41. h4 h6 42. h5+ Kh7 43. g5 hxg5 44. Qxg5 Rf7+ 45. Kg4 Rf5 46. Qg6+
Kh8 47. Qe8+ Kh7 48. Qxe6 Rxe5 49. Qg6+ Kh8 50. Qxa6 d4 51. h6 Re4+ 52. Kf5
Re5+ {Ke4} 1-0

[Event "France Jeunes Belfort 2017"]
[Site "Belfort"]
[Date "2017.04.20"]
[Round "6.3"]
[White "Callet, Antoine"]
[Black "Laurent-Paoli, Pierre"]
[Result "0-1"]
[ECO "B07"]
[WhiteElo "2068"]
[BlackElo "2298"]
[PlyCount "84"]
[EventDate "2017.??.??"]
[TimeControl "6000+2050"]
[WhiteClock "0:00:37"]
[BlackClock "0:01:33"]

1. e4 d6 2. d4 Nf6 3. Nc3 Nbd7 4. f4 e5 5. Nf3 exd4 6. Qxd4 c6 7. Be3 d5 8.
O-O-O Bc5 9. Qd2 Qb6 10. Bxc5 Nxc5 11. exd5 O-O 12. Qd4 cxd5 13. g3 Bf5 14. Bg2
Rac8 15. Nh4 Bg4 16. Bf3 Bxf3 17. Nxf3 Rfd8 18. Rhe1 Qa5 19. Nd2 Qa6 20. f5 b5
21. Nf3 Qb6 22. Re5 Qc6 23. Rd2 a5 24. g4 h6 25. g5 hxg5 26. Nxg5 Re8 27. Rxe8+
Rxe8 28. Nf3 Nce4 29. Nxe4 dxe4 30. Ne5 Qc7 31. Nd7 Nxd7 32. Qxd7 Qe5 33. Re2
Qf4+ 34. Qd2 Qxf5 35. Qxa5 e3 36. a4 Qg4 37. Qe1 Qe4 38. axb5 f5 39. b6 f4 40.
b7 Qxb7 41. Qc3 Qe4 42. Qb3+ Qe6 0-1

[Event "France Jeunes Belfort 2017"]
[Site "Belfort"]
[Date "2017.04.20"]
[Round "6.3"]
[White "Christien, Vincent"]
[Black "Tomasi, Albert"]
[Result "1-0"]
[ECO "C60"]
[WhiteElo "1988"]
[BlackElo "2176"]
[PlyCount "67"]
[EventDate "2017.??.??"]
[TimeControl "6000+1805"]
[WhiteClock "0:18:18"]
[BlackClock "0:08:24"]

1. e4 e5 2. Nf3 Nc6 3. Bb5 g6 4. d4 exd4 5. Bg5 Be7 6. Bxe7 Qxe7 7. O-O Qb4 8.
Bxc6 dxc6 9. Qxd4 Qxd4 10. Nxd4 Bd7 11. Nc3 O-O-O 12. Rad1 Ne7 13. Rfe1 g5 14.
Nf3 h6 15. Ne5 Be6 16. Rxd8+ Rxd8 17. Rd1 Rxd1+ 18. Nxd1 Bxa2 19. b3 Bb1 20.
Ne3 f5 21. exf5 Nd5 22. N5c4 b5 23. Nxd5 cxd5 24. Na3 Bxc2 25. Nxc2 c5 26. Kf1
a5 27. Ke2 Kd7 28. Kd2 Kd6 29. g4 Ke5 30. Ne1 d4 31. Nc2 c4 32. bxc4 bxc4 33.
Na3 Kd5 34. Nxc4 1-0